Map: 베를린그라드 - 래더

Players

DRG

  • Race: Zerg Zerg

DPGDark (Dark) - Winner!

  • Race: Zerg Zerg
  • League: Master

Event: DreamHack SC2 Masters Last Chance 2022

VOD

Have the link to the VOD?

Description

Time

  • Played on: Dec. 15, 2021, 7:28 a.m.
  • Length: 7:30

All games in this series

Show
View Real Time Build Order
Export as new Build Order

DRG Zerg 

Build Orders: Pool First 

Get SALT Encoding   

  12  0:16  Spawning Pool  
  11  0:21  Drone  
  11  0:26  Drone  
  13  0:30  Drone  
  14  0:41  Overlord  
  14  1:03  Zergling x4  
  16  1:04  Zergling x2  
  17  1:15  Zergling x2  
  17  1:17  Hatchery  
  17  1:26  Zergling x2  
  18  1:33  Queen  
  18  1:37  Zergling x2  
  21  1:47  Zergling x2  
  22  1:58  Overlord  
  22  2:15  Queen  
  24  2:23  Drone  
  24  2:24  Drone  
  25  2:31  Drone  
  25  2:33  Drone  
  23  2:39  Queen  
  23  2:44  Drone  
  24  2:47  Drone x3  
  27  2:53  Drone  
  27  2:56  Queen  
  30  2:59  Drone  
  30  3:04  Overlord  
  31  3:08  Drone  
  32  3:13  Drone  
  32  3:16  Drone  
  32  3:19  Extractor  
  33  3:21  Extractor  
  33  3:23  Drone  
  33  3:26  Drone  
  33  3:27  Drone x2  
  35  3:29  Evolution Chamber  
  35  3:37  Roach Warren  
  35  3:40  Drone x2  
  36  3:45  Drone  
  36  3:46  Drone  
  38  3:48  Drone  
  38  3:51  Drone  
  40  3:55  Overlord  
  40  3:59  Drone  
  40  4:01  Drone  
  42  4:04  Drone  
  43  4:10  Lair  
  43  4:15  Evolution Chamber  
  42  4:20  Evolution Chamber, Roach x2  
  46  4:24  Overlord  
  46  4:26  Roach  
  46  4:30  Drone x2  
  50  4:32  Drone  
  50  4:34  Drone  
  50  4:37  Drone  
  51  4:38  Extractor  
  51  4:39  Extractor  
  51  4:41  Overlord  
  48  4:46  Evolution Chamber  
  48  4:48  Zerg Missile Weapons Level 1  
  48  4:49  Drone  
  48  4:52  Drone x2  
  50  4:54  Drone  
  50  4:55  Drone  
  50  4:59  Overlord  
  52  5:07  Glial Reconstitution  
  52  5:09  Overseer  
  52  5:11  Drone x2  
  52  5:13  Roach  
  56  5:15  Overlord  
  56  5:17  Overlord  
  56  5:28  Roach  
  58  5:36  Hatchery  
  58  5:37  Roach x2  
  58  5:40  Roach  
  63  5:44  Roach  
  63  5:45  Roach  
  63  5:48  Roach  
  67  5:53  Roach  
  67  5:56  Roach x4  
  76  6:00  Drone  
  76  6:03  Roach  
  77  6:13  Overlord  
  77  6:18  Roach x2  
  81  6:21  Overlord  
  81  6:25  Roach  
  83  6:30  Overlord  
  83  6:36  Roach  
  81  6:43  Hatchery  
  81  6:47  Roach x2  
  76  6:49  Roach  
  76  6:52  Roach  
  70  6:55  Roach  
  70  6:57  Roach  
  70  7:00  Roach  
  76  7:02  Roach  
  76  7:08  Spire  
  80  7:14  Ravager x2  
  86  7:17  Ravager  
Show
View Real Time Build Order
Export as new Build Order

DPGDark Zerg - Winner!

Build Orders: Hatch First 

Get SALT Encoding   

  12  0:00  Drone  
  13  0:12  Overlord  
  13  0:17  Drone  
  14  0:30  Drone x2  
  16  0:48  Hatchery  
  15  0:51  Drone  
  15  0:54  Drone  
  17  0:58  Drone  
  18  1:08  Extractor  
  17  1:12  Spawning Pool  
  17  1:16  Drone  
  17  1:19  Drone  
  18  1:27  Drone  
  19  2:00  Zergling x8, Queen x2  
  27  2:11  Zergling x2  
  28  2:24  Overlord  
  27  2:33  Metabolic Boost  
  23  2:38  Overlord  
  23  2:39  Drone  
  23  2:43  Drone  
  25  2:46  Drone  
  25  2:49  Drone  
  27  2:53  Drone  
  27  2:56  Drone  
  29  3:00  Drone  
  29  3:04  Drone  
  31  3:06  Drone  
  31  3:12  Drone x2  
  34  3:13  Drone  
  34  3:15  Drone  
  34  3:19  Drone x2  
  38  3:22  Drone  
  39  3:31  Drone, Overlord  
  39  3:32  Drone  
  41  3:38  Zergling x2  
  42  3:42  Zergling x2  
  43  3:49  Zergling x12  
  49  4:00  Hatchery, Zergling x4  
  50  4:08  Queen, Evolution Chamber  
  51  4:13  Overlord  
  51  4:14  Drone  
  52  4:23  Drone  
  51  4:28  Zergling x2  
  49  4:31  Zergling x6  
  49  4:36  Zergling x2  
  49  4:37  Zergling x6  
  54  4:45  Zerg Ground Armor Level 1  
  52  4:47  Drone x2  
  52  4:49  Extractor x2  
  52  4:53  Roach Warren  
  52  4:55  Drone  
  52  4:56  Drone  
  53  5:06  Overlord  
  53  5:08  Drone  
  53  5:13  Drone x2  
  53  5:14  Drone x2  
  58  5:19  Overlord x2  
  58  5:35  Roach x7  
  72  5:41  Roach x3  
  78  5:44  Roach x2  
  78  5:45  Roach  
  83  5:51  Roach x2  
  83  5:52  Drone  
  86  6:07  Roach x2  
  86  6:10  Zergling x2  
  89  6:14  Overlord x2  
  88  6:18  Overlord  
  88  6:19  Zergling x2  
  88  6:22  Overlord x2  
  89  6:34  Zergling x6  
  86  6:40  Zergling x4  
  86  6:42  Ravager, Zergling x2  
  86  6:45  Zergling x12  
  91  6:48  Zergling x2  
  91  6:49  Zergling x4  
  91  6:53  Ravager, Zergling x2  
  91  6:55  Zergling x2  
  90  7:04  Zergling x2  
  90  7:05  Zergling x2  
  90  7:07  Ravager x2  
  90  7:08  Ravager x2  
  95  7:10  Zergling x4  
  95  7:14  Ravager  

Tags
 
Add a new tag
Caveats
  • Supply blocks, unpowered buildings, or Contaminate may cause inaccurate times.
  • Supply counts are checked every 10 seconds.